Unix NetHack Version 5.0.0-0 post-release - last build May  4 2026 22:22:43 (774f63e81ad911689b3a0859ea89b322d5daca8d,branch:main).

Game began 2026-05-07 08:13:59, ended 2026-05-07 11:25:25.

BSL2425737, lawful female dwarven Valkyrie

                                                            -
                                                           @.
                                                            .    <
                                                           |.......|
                                                             -   ..
                                                                 |

BSL2425737 the Skirmisher   St:18 Dx:14 Co:19 In:8 Wi:8 Ch:9  Lawful
Dlvl:7  $:0  HP:0(47) Pw:4(4) AC:10 Xp:4 T:2072  Blind

Latest messages:
 You are blinded by a blast of light!
 It misses!
 It bites!
 You fall down the stairs.
 You faint from lack of food.
 You regain consciousness.
 What do you want to eat? [l or ?*] l
 This lembas wafer is delicious!
 You hear a door open.
 You finish eating the lembas wafer.
 It bites!
 It bites!
 It bites!
 You don't have enough stamina to move.
 It just misses!
 It bites!
 You return to dwarven form!
 Your movements are now unencumbered.
 It bites!
 You begin bashing monsters with your bare hands.
 You miss it.
 You hear a door open.
 It bites!
 You turn into a wererat!
 You stagger under your heavy load.  Movement is very hard.
 Use the command #monster to summon help.
 You miss it.
 It bites!
 It bites!
 It just misses!
 It bites!
 You return to dwarven form!
 Your movements are now unencumbered.
 It bites!
 It bites!
 It bites!
 You hear a door open.
 It bites!
 It bites!
 It bites!
 It bites!
 What do you want to drink? [qu or ?*] *
 Yecch!  This stuff tastes like poison.
 (But in fact it was mildly stale slime mold juice.)
 You die...
 Do you want your possessions identified? [ynq] (y) y
 Do you want to see your attributes? [ynq] (y) y
 Do you want an account of creatures vanquished? [ynaq] (y) y
 Do you want to see your conduct and achievements? [ynq] (y) y
 Do you want to see the dungeon overview? [ynq] (y) y

Inventory:
 Comestibles  ('%')
  l - an uncursed lembas wafer
 Potions  ('!')
  q - an uncursed potion of healing
 Wands    ('/')
  e - a wand of secret door detection (0:15)

BSL2425737 the Valkyrie's attributes:

Background:
 You were a Skirmisher, a level 4 dwarven Valkyrie.
 You were lawful, nominally on a mission for Tyr
 who was opposed by Odin (neutral) and Loki (chaotic).
 You were right-handed.
 You were in the Gnomish Mines, on level 7.
 You entered the dungeon 2072 turns ago.
 You had 106 experience points, 54 more were needed to attain level 5.

Basics:
 You had 0 out of 47 hit points.
 You had all 4 energy points (spell power).
 Your armor class was 10.
 Your wallet was empty.
 Autopickup was off.

Final Characteristics:
 Your strength was 18 (limit:18/100).
 Your dexterity was 14 (limit:20).
 Your constitution was 19 (limit:20).
 Your intelligence was 8 (limit:16).
 Your wisdom was 8 (limit:16).
 Your charisma was 9 (limit:16).

Final Status:
 You were temporarily blind.
 You weren't hungry.
 You were unencumbered.
 You were bare handed.
 You were unskilled in bare handed combat.
 You weren't wearing any armor.

Final Attributes:
 You were devoutly aligned.
 You were cold resistant.
 You were level-drain resistant.
 You had infravision.
 You were stealthy.
 You were a wererat.
 You were harmed by silver.
 You are dead.

Miscellaneous:
 You didn't encounter any bones levels.
 Total elapsed playing time was 2 hours, 9 minutes and 54 seconds.

Major events:
 Turn
    1: BSL2425737 the lawful dwarven Valkyrie entered the dungeon
 1040: attained the rank of Skirmisher (level 3)
 1163: entered the Gnomish Mines
 2021: reached Mine Town
 2072: killed by a mildly contaminated potion

You didn't know any spells.

Skills:
 Fighting Skills
   bare handed combat [Unskilled]
   two weapon combat  [Unskilled]
   riding             [Unskilled]
 Weapon Skills
   dagger             [Basic]
   axe                [Unskilled]
   pick-axe           [Unskilled]
   short sword        [Unskilled]
   broadsword         [Unskilled]
   long sword         [Unskilled]
   two-handed sword   [Unskilled]
   saber              [Unskilled]
   hammer             [Unskilled]
   quarterstaff       [Unskilled]
   polearms           [Unskilled]
   spear              [Basic]
   trident            [Unskilled]
   lance              [Unskilled]
   sling              [Unskilled]
 Spellcasting Skills
   attack spells      [Unskilled]
   escape spells      [Unskilled]

Voluntary challenges:
 Character rerolling was not enabled.
 You were vegetarian.
 You were an atheist.
 You were illiterate.
 You never genocided any monsters.
 You never polymorphed an object.
 You used no wishes.
Achievements:
 You entered a shop.
 You attained the rank of Skirmisher.
 You entered the Gnomish Mines.
 You entered Minetown.

 The Dungeons of Doom: levels 1 to 4
    Level 1:
    Level 2:
       A potion shop, a sink.
    Level 3:
       Stairs down to The Gnomish Mines.
    Level 4:
       A fountain.
 The Gnomish Mines: levels 4 to 7
    Level 4:
    Level 5:
    Level 6:
    Level 7: <- You were here.
       Final resting place for
          you, killed by a mildly contaminated potion.


Vanquished creatures:
  a yellow light
  2 hill orcs
  a rothe
  2 orc zombies
  3 iguanas
  3 coyotes
  a hobbit
  a large kobold
  2 gnomes
  a gnome zombie
  a gecko
  a jackal
  a fox
  a kobold
  a goblin
  4 sewer rats
  3 grid bugs
  a bat
  4 lichens
  a newt
35 creatures vanquished.

No species were genocided or became extinct.

Game over:
                       ----------
                      /          \
                     /    REST    \
                    /      IN      \
                   /     PEACE      \
                  /                  \
                  |    BSL2425737    |
                  |       0 Au       |
                  |   killed by a    |
                  |      mildly      |
                  |   contaminated   |
                  |      potion      |
                  |       2026       |
                 *|     *  *  *      | *
        _________)/\\_//(\/(/\)/\//\/|_)_______

Farvel BSL2425737 the Valkyrie...

You died in The Gnomish Mines on dungeon level 7 with 724 points,
and 0 pieces of gold, after 2072 moves.
You were level 4 with a maximum of 47 hit points when you died.

